 Dungeon Crawl Stone Soup version 0.23.0 (webtiles) character file.

Game seed: 1790992234370689749

785 hofbold the Skirmisher (level 7, -14/54 HPs)
             Began as a Mummy Gladiator on Feb 18, 2019.
             Demolished by an ogre
             ... wielding a +0 giant club
              (21 damage)
             ... on level 5 of the Dungeon.
             The game lasted 00:08:44 (4657 turns).

hofbold the Skirmisher (Mummy Gladiator)            Turns: 4657, Time: 00:08:45

Health: -14/54     AC:  7    Str: 18    XL:     7   Next: 56%
Magic:  8/8        EV: 13    Int:  7    God:
Gold:   214        SH:  0    Dex: 15    Spells: 6/6 levels left

rFire    x . .     SeeInvis .   a - +0 trident
rCold    + . .     Gourm    .   (no shield)
rNeg     + + +     Faith    .   i - +0 ring mail
rPois    ∞         Spirit   .   c - +1 helmet
rElec    .         Reflect  .   (no cloak)
rCorr    .         Harm     .   (no gloves)
MR       .....                  (no boots)
Stlth    +.........             (no amulet)
HPRegen  0.18/turn              (no ring)
MPRegen  0.11/turn              (no ring)

@: no status effects
A: no food or potions, fire vulnerability, cold resistance 1, negative energy
resistance 3, torment resistance, unbreathing
a: no special abilities


You were on level 5 of the Dungeon.
You were not hungry.

You visited 1 branch of the dungeon, and saw 5 of its levels.

You collected 214 gold pieces.

Inventory:

Hand Weapons
 a - a +0 trident (weapon)
Missiles
 d - 3 throwing nets
 g - 94 stones
 j - 2 tomahawks (quivered)
Armour
 c - a +1 helmet (worn)
 i - a +0 ring mail (worn)
Wands
 h - a wand of flame (15)
 l - a wand of random effects (10)
Scrolls
 b - a scroll of identify
 e - 3 scrolls of remove curse


   Skills:
 + Level 4.0 Fighting
 + Level 3.8 Polearms
 + Level 3.3 Throwing
 + Level 2.6 Armour
 + Level 3.8 Dodging
 + Level 2.0 Evocations


You had 6 spell levels left.
You didn't know any spells.
Your spell library was empty.

Dungeon Overview and Level Annotations

Branches:
Dungeon (5/15)
 Temple: D:4-7

Altars:
Qazlal
Xom

Shops:
D:4 *


Innate Abilities, Weirdness & Mutations

You do not eat or drink.
Your flesh is vulnerable to fire.
You are immune to poison.
Your flesh is cold resistant. (rC+)
You are immune to negative energy. (rN+++)
You are immune to unholy pain and torment.
You can survive without breathing.


Message History

You are too injured to fight recklessly!
You are too injured to fight recklessly!
You are too injured to fight recklessly!
You are too injured to fight recklessly!
You are too injured to fight recklessly!
You are too injured to fight recklessly!
You are too injured to fight recklessly!
You are too injured to fight recklessly!
You are too injured to fight recklessly!
You hit the ogre.
The ogre is almost dead.
The ogre barely misses you.
You hit the ogre but do no damage.
The ogre is almost dead.
The ogre hits you with a +0 giant club!!
* * * LOW HITPOINT WARNING * * *
You hit the ogre.
The ogre is almost dead.
The ogre hits you with a +0 giant club!!
You die...

.... ###≈≈≈≈#.# ._..
######.'≈≈≈≈'.# .....
#......#≈≈≈≈###
.....########.######≈≈≈≈#
#............### ######
#.##.<........#
#.##.########.# . #.##.#
#.# . #.##.# #@#
####.##.###### #O#
.#.............#o#
...........###.#o#
.#.#....##.# ...
##†####.# ... ... ...#
#.# ### ... ##.# #.#
.#.## #.# #..


You could see an ogre, an orc wizard and an orc.

Vanquished Creatures
  Edmund (D:4)
  2 scorpions
  A howler monkey (D:4)
  2 crimson imps
  A bullfrog zombie (D:5)
  A jelly (D:5)
  3 orc wizards
  An orc priest (D:4)
  A centaur skeleton (D:4)
  2 worker ants (D:4)
  A gnoll (D:3)
  A howler monkey skeleton (D:5)
  10 adders
  An ooze (D:4)
  3 worms
  2 dart slugs (D:1)
  4 leopard geckos
  9 orcs
  2 ball pythons
  4 bats
  5 giant cockroaches
  3 goblins
  7 hobgoblins
  9 jackals
  6 kobolds
  3 quokkas (D:3)
  A frilled lizard (D:4)
  A leopard gecko skeleton (D:4)
  3 rats
90 creatures vanquished.

Notes
Turn   | Place    | Note
-------+----------+-------------------------------------------
     0 | D:1      | hofbold the Mummy Gladiator began the quest for the Orb.
     0 | D:1      | Reached XP level 1. HP: 16/16 MP: 1/1
   379 | D:1      | Reached XP level 2. HP: 21/22 MP: 2/2
   789 | D:2      | Reached XP level 3. HP: 28/28 MP: 3/3
   811 | D:2      | Reached skill level 1 in Armour
  1104 | D:2      | Found a faded altar of an unknown god.
  1483 | D:3      | Reached XP level 4. HP: 29/34 MP: 4/4
  1736 | D:3      | Found a shimmering altar of Xom.
  2139 | D:3      | Reached XP level 5. HP: 35/40 MP: 5/5
  2376 | D:4      | Noticed Edmund
  2391 | D:4      | Killed Edmund
  2391 | D:4      | Reached skill level 3 in Fighting
  2636 | D:4      | Reached XP level 6. HP: 45/47 MP: 6/6
  2712 | D:4      | Reached skill level 1 in Evocations
  3003 | D:4      | Found Qonuv's Lightly-Used Armoury.
  3398 | D:4      | Reached XP level 7. HP: 32/53 MP: 8/8
  4065 | D:5      | Entered Level 5 of the Dungeon
  4065 | D:5      | Found a stormy altar of Qazlal.
  4485 | D:5      | Reached skill level 4 in Fighting
  4657 | D:5      | Demolished by an ogre

Skill      XL: |  1  2  3  4  5  6  7 |
---------------+----------------------+-----
Throwing       | 2 3 |  3.3
Armour         | 1 2 |  2.6
Dodging        | 3 |  3.8
Polearms       | 3 |  3.8
Fighting       | 3 4 |  4.0
Evocations     | 1 2 |  2.0

Action                   |  1- 3 |  4- 6 |  7- 9 || total
-------------------------+-------+-------+-------++-------
Melee: Trident           |    97 |   235 |   117 ||   449
Throw: Tomahawk          |       |     3 |     4 ||     7
       Stone             |       |     4 |     5 ||     9
       Throwing net      |       |       |     1 ||     1
Evoke: Wand              |       |     7 |    10 ||    17
  Use: Scroll            |     3 |     5 |     1 ||     9
Armor: Leather armour    |    24 |       |       ||    24
       Ring mail         |     3 |    56 |    32 ||    91
Dodge: Dodged            |    62 |   147 |    60 ||   269
